 Dungeon Crawl Stone Soup version 0.23.2-40-g277498a001 (webtiles) character file.

Game seed: 12472023475418130229

40 Martska the Ducker (level 3, -2/26 HPs)
             Began as a Merfolk Ice Elementalist on Oct 1, 2019.
             Killed by divine providence
             ... invoked by an orc priest
              (14 damage)
             ... on level 3 of the Dungeon.
             The game lasted 00:08:10 (2895 turns).

Martska the Ducker (Merfolk Ice Elementalist)       Turns: 2895, Time: 00:08:10

Health: -2/26      AC:  4    Str:  8    XL:     3   Next: 50%
Magic:  3/6        EV: 13    Int: 14    God:
Gold:   177        SH:  0    Dex: 17    Spells: 0/6 levels left

rFire    . . .     SeeInvis .   e - +0 dagger
rCold    . . .     Gourm    .   (no shield)
rNeg     . . .     Faith    .   u - +0 leather armour
rPois    .         Spirit   .   (no helmet)
rElec    .         Reflect  .   (no cloak)
rCorr    .         Harm     .   (no gloves)
MR       .....                  q - +0 pair of boots (curse)
Stlth    ++........             (no amulet)
HPRegen  0.08/turn              s - +2 ring of dexterity
MPRegen  0.10/turn              (no ring)

@: no status effects
A: change form in water, swift swim, stealthy swim
a: no special abilities


You were on level 3 of the Dungeon.
You were not hungry.

You visited 1 branch of the dungeon, and saw 3 of its levels.

You collected 177 gold pieces.

Inventory:

Hand Weapons
 e - a +0 dagger (weapon)
 m - a +0 dagger
Armour
 a - a +0 robe
 q - a cursed +0 pair of boots (worn)
 u - a +0 leather armour (worn)
Jewellery
 s - a +2 ring of dexterity (left hand)
Wands
 r - a wand of disintegration (11)
Scrolls
 b - a scroll of noise {unknown}
 d - a scroll of remove curse {unknown}
 g - 3 scrolls of identify {unknown}
 h - a scroll of blinking {unknown}
 i - a scroll of enchant weapon {unknown}
 k - a scroll of fear {unknown}
 l - a scroll of amnesia {unknown}
 p - 3 scrolls of teleportation {unknown}
 t - a scroll of magic mapping {unknown}
Potions
 f - a potion of curing {unknown}
 j - a potion of ambrosia {unknown}
 n - a potion of brilliance {unknown}
 o - a potion of resistance {unknown}
Comestibles
 c - 8 rations


   Skills:
 * Level 1.5 Fighting
 * Level 3.6 Dodging
 + Level 2.4 Stealth
 + Level 2.2 Spellcasting
 - Level 0.7 Conjurations
 + Level 0.4 Charms
 + Level 3.5 Ice Magic


You couldn't memorise any spells.
You knew the following spells:

 Your Spells              Type           Power        Failure   Level  Hunger
a - Freeze                Ice            ##..         9%          1    #......
b - Throw Frost           Conj/Ice       #.....       22%         2    ###....
c - Ozocubu's Armour      Chrm/Ice       #.......     41%         3    ###....

Your spell library contained the following spells:

 Spells                   Type           Power        Failure   Level  Hunger
 Throw Icicle             Conj/Ice       #.......     80%         4    #####..
 Summon Ice Beast         Ice/Summ       #.......     86%         4    #####..


Dungeon Overview and Level Annotations

Branches:
Dungeon (3/15)

Altars:
Gozag
Uskayaw


Message History

Casting: Freeze (safe; 9% risk of failure)
Confirm with . or Enter, or press ? or * to list all spells.
Aiming: Freeze (safe; 9% risk of failure)
Press: ? - help, Shift-Dir - straight line, f/p - orc priest
Aim: an orc priest, wielding a +0 short sword (moderately wounded)
You freeze the orc priest.
The orc priest is severely wounded.
The orc priest calls down the wrath of Beogh upon you.
Beogh smites you!
Casting: Freeze (safe; 9% risk of failure)
Confirm with . or Enter, or press ? or * to list all spells.
Aiming: Freeze (safe; 9% risk of failure)
Press: ? - help, Shift-Dir - straight line, f/p - orc priest
Aim: an orc priest, wielding a +0 short sword (severely wounded)
You freeze the orc priest.
The orc priest is almost dead.
The orc priest calls down the wrath of Beogh upon you.
Beogh smites you!
Ouch! That really hurt!
You die...

###### ########## #....# ........
########....#######.###..#
.................>....#..###
.#..<####.....####......#.....
....S #.#..@o.........#..##.
....####.#..##.#...........#.
.....#.##.#.........#.......#.
..#.#.##†#..###.......#.##...
#.#....)....# #.........##.##
#####.#........####.........##.##
.......#.....#.##...##......##...
.....#.#...#....#.#.##.........g.
.............#..#.#.........#..#.


You could see an orc priest.

Vanquished Creatures
  An adder (D:2)
  A worm (D:2)
  3 orcs
  A giant cockroach (D:2)
  6 goblins
  2 jackals (D:2)
  6 bats
  A frilled lizard (D:1)
  5 rats
26 creatures vanquished.

Notes
Turn   | Place    | Note
-------+----------+-------------------------------------------
     0 | D:1      | Martska the Merfolk Ice Elementalist began the quest for
                  | the Orb.
     0 | D:1      | Reached XP level 1. HP: 13/13 MP: 3/3
   314 | D:1      | Reached XP level 2. HP: 20/20 MP: 1/5
   732 | D:2      | Reached skill level 1 in Fighting
   988 | D:2      | Learned a level 2 spell: Throw Frost
   990 | D:2      | Reached XP level 3. HP: 26/26 MP: 3/6
   995 | D:2      | Learned a level 3 spell: Ozocubu's Armour
  1173 | D:2      | Found a hide-covered altar of Uskayaw.
  1673 | D:2      | Found an opulent altar of Gozag.
  2895 | D:3      | Killed from afar by an orc priest

Skill      XL: |  1  2 |
---------------+-------+-----
Dodging        | 3 |  3.6
Fighting       | 1 |  1.5
Stealth        | |  2.4
Spellcasting   | |  2.2
Conjurations   | |  0.7
Charms         | |  0.4
Ice Magic      | |  3.5

Action                   || total
-------------------------++-------
Melee: Unarmed           ||     3
       Dagger            ||     7
 Cast: Freeze            ||    40
       Throw Frost       ||    10
 Stab: Sleeping          ||     1
  Eat: Ration            ||     2
       Chunk             ||     1
Armor: Robe              ||     9
Dodge: Dodged            ||    52
